 Dungeon Crawl Stone Soup version 0.18.1-48-g4cf74bf (webtiles) character file.

201 MistressOfTheDunes the Insei (level 5, 0/42 HPs)
             Began as a Mummy Monk on June 27, 2016.
             Slain by a worker ant (2 damage)
             ... on level 3 of the Dungeon.
             The game lasted 00:06:03 (5569 turns).

MistressOfTheDunes the Insei (Mummy Monk)           Turns: 5569, Time: 00:06:03

Health: 0/42       AC:  2    Str: 14    XL:     5   Next: 50%
Magic:  5/5        EV: 13    Int: 10    God:
Gold:   167        SH:  0    Dex: 15    Spells: 0 memorised, 4 levels left

rFire  x . .     SeeInvis .       - Unarmed
rCold  + . .     Gourm    .     (no armour)
rNeg   + + +     Faith    .     (no shield)
rPois  ∞         Spirit   .     a - +1 helmet
rElec  .         Dismiss  .     (no cloak)
rCorr  .         Reflect  .     (no gloves)
SustAt .         Harm     .     (no boots)
MR     .....                    (no amulet)
Stlth  ++........               (no ring)
                                (no ring)

@: not resistant to hostile enchantments, unstealthy
A: no food or potions, fire vulnerability, cold resistance 1, negative energy
resistance 3, torment resistance, unbreathing
a: no special abilities


You were on level 3 of the Dungeon.
You were not hungry.

You visited 1 branch of the dungeon, and saw 4 of its levels.

You collected 167 gold pieces.


Innate Abilities, Weirdness & Mutations

You do not eat or drink.
Your flesh is vulnerable to fire.
You are immune to poison.
Your flesh is cold resistant.
You are immune to negative energy.
You are immune to unholy pain and torment.
You can survive without breathing.


   Skills:
 + Level 4.1 Fighting
 - Level 2.4 Dodging
 - Level 1.5 Stealth
 - Level 5.1 Unarmed Combat


You had 4 spell levels left.
You didn't know any spells.

Inventory:

Armour
 a - a +1 helmet (worn)
Scrolls
 b - 5 scrolls of identify {@r1}
 c - a scroll of enchant weapon (quivered)
 d - a scroll of remove curse
 e - a scroll of recharging
 f - a scroll of teleportation {@r4}
 g - a scroll of fear
 h - a scroll of fog {unknown}
 i - a scroll of amnesia {unknown}

Dungeon Overview and Level Annotations

Branches:
Dungeon (4/15)
 Temple: D:4-7

Altars:
Ashenzari
Cheibriados
Dithmenos
Okawaru
Pakellas
Qazlal
Ru

Annotations:
D:4 PeterLawrence's ghost, novice OgFi

▒...▒ ▒▒..................
▒...▒ ▒▒..▒▒▒▒▒▒.▒▒.▒▒.....
▒...▒▒▒▒..▒▒ ▒...▒▒.▒......
▒........▒▒▒▒▒▒.............
▒.................▒▒▒▒......
▒...▒▒▒▒▒▒▒▒▒▒▒.....▒▒▒....<
▒...▒ ▒.........▒..▒...
▒...▒ ▒▒▒................
▒[..▒▒▒▒▒▒.M..▒...▒..!..▒...
▒▒▒▒▒...▒▒B.▒▒▒...[.▒.......
▒.................▒▒▒▒▒.
▒...▒▒.....)......▒ ▒.
▒......▒..........▒ ▒.
▒...▒▒▒▒..........▒ ▒▒▒.
▒...▒ ▒..........▒ ▒...
▒...▒ ▒.........(▒▒▒.▒▒
▒...▒ ▒..........▒▒..▒▒


You could see a worker ant.


Message History

You climb upwards!
There is a stone staircase leading down here!
You barely miss the worker ant!
The worker ant bites you! * * * don't die
* * * You squash the worker ant but do no damage!
The worker ant bites you! * * * don't die
* * * You barely miss the worker ant!
The worker ant bites you! * * * don't die
* * * You closely miss the worker ant!
The worker ant completely misses you!
You closely miss the worker ant!
You punch the worker ant, but do no damage!
The worker ant bites you! * * * don't die
* * * You squash the worker ant like the proverbial ant!!!
The worker ant is heavily wounded!
The worker ant bites you! * * * don't die
* * * You squash the worker ant but do no damage!
The worker ant is heavily wounded!
The worker ant closely misses you!
You squash the worker ant but do no damage!
The worker ant is heavily wounded!
The worker ant misses you!
You barely miss the worker ant!
The worker ant is heavily wounded!
The worker ant bites you! * * * don't die
* * * The worker ant bites you! rip

Action                   |  1- 3 |  4- 6 || total
-------------------------+-------+-------++-------
Melee: Unarmed           |   161 |   159 ||   320
       Punch             |     2 |     6 ||     8
  Use: Scroll            |     7 |       ||     7
 Stab: Sleeping          |     1 |     1 ||     2
Armor: Skin              |    18 |    23 ||    41
Dodge: Dodged            |    99 |    98 ||   197

Vault maps used:
D:1:      dpeg_arrival_water_fire
D:2:      grunt_dithmenos_smoke
D:3:      nicolae_ru_path_of_blood, minitemple
D:4:      nicolae_overflow_crystal_walls, nicolae_overflow_hidden_temple,
          old_standard_altar, kennysheep_generic_room_9

Notes
Turn   | Place    | Note
--------------------------------------------------------------
     0 | D:1      | MistressOfTheDunes the Mummy Monk began the quest for the Orb.
     0 | D:1      | Reached XP level 1. HP: 18/18 MP: 1/1
   488 | D:1      | Reached XP level 2. HP: 16/24 MP: 2/2
   837 | D:1      | Reached skill level 4 in Unarmed Combat
  1324 | D:2      | Reached XP level 3. HP: 17/29 MP: 3/3
  1810 | D:2      | Found a shadowy altar of Dithmenos.
  3384 | D:2      | Reached XP level 4. HP: 26/35 MP: 4/4
  4455 | D:3      | Reached skill level 5 in Unarmed Combat
  4491 | D:2      | Reached XP level 5. HP: 23/41 MP: 5/5
  5088 | D:3      | Found a sacrificial altar of Ru.
  5392 | D:3      | Reached skill level 4 in Fighting
  5463 | D:3      | Found an iron altar of Okawaru.
  5465 | D:3      | Found an oddly glowing altar of Pakellas.
  5469 | D:3      | Found a snail-covered altar of Cheibriados.
  5470 | D:3      | Found a stormy altar of Qazlal.
  5473 | D:3      | Found a shattered altar of Ashenzari.
  5554 | D:4      | Noticed PeterLawrence's ghost (novice OgFi)
  5569 | D:3      | HP: 2/42 [worker ant (5)]
  5569 | D:3      | Slain by a worker ant

Vanquished Creatures
  An orc priest (D:2)
  An orc wizard (D:3)
  3 gnolls
  2 oozes
  2 worms
  2 dart slugs (D:1)
  5 giant geckos
  12 orcs
  3 giant cockroaches
  7 goblins
  6 hobgoblins
  9 jackals
  10 kobolds
  A quokka (D:3)
  A ball python (D:1)
  6 bats
  3 giant newts
  7 rats
81 creatures vanquished.
